Map: Central Protocol

Players

Hindulaatti

  • Race: Protoss Protoss
  • League: Diamond

Marcek

  • Race: Protoss Protoss
  • League: Silver

fanzuu

  • Race: Terran Terran

Pablo

  • Race: Terran Terran

VOD

Have the link to the VOD?

Description

Time

  • Played on: Jan. 1, 2016, 3:02 p.m.
  • Length: 6:34
Show
View Real Time Build Order
Export as new Build Order

Hindulaatti Protoss 

Build Orders:  

Get SALT Encoding   

  12  0:01  Probe (Chrono Boost)  
  13  0:12  Probe (Chrono Boost)  
  14  0:20  Pylon  
  14  0:27  Probe (Chrono Boost)  
  15  0:38  Probe (Chrono Boost)  
  15  0:41  Gateway  
  16  0:49  Probe (Chrono Boost)  
  17  0:59  Assimilator  
  17  1:00  Probe (Chrono Boost)  
  18  1:10  Probe (Chrono Boost)  
  19  1:13  Pylon  
  19  1:18  Assimilator  
  19  1:23  Probe (Chrono Boost)  
  20  1:28  Cybernetics Core  
  20  1:33  Probe (Chrono Boost)  
  21  1:44  Probe (Chrono Boost)  
  22  2:00  Nexus  
  22  2:03  Probe (Chrono Boost)  
  22  2:06  Warp Gate  
  23  2:13  Adept  
  25  2:16  Probe (Chrono Boost)  
  26  2:25  Pylon  
  26  2:27  Probe (Chrono Boost)  
  26  2:38  Mothership Core (Chrono Boost)  
  26  2:42  Adept  
  30  2:54  Pylon  
  30  2:56  Probe (Chrono Boost)  
  31  3:07  Probe (Chrono Boost)  
  32  3:14  Robotics Facility  
  32  3:23  Probe x2 (Chrono Boost)  
  34  3:35  Probe x2 (Chrono Boost)  
  36  3:42  Gateway  
  36  3:45  Probe (Chrono Boost)  
  36  3:46  Gateway, Probe (Chrono Boost)  
  38  3:48  Pylon  
  38  3:53  Adept  
  40  3:56  Probe (Chrono Boost)  
  40  4:01  Warp Prism  
  43  4:04  Probe (Chrono Boost)  
  43  4:07  Probe (Chrono Boost)  
  45  4:13  Gateway  
  45  4:22  Probe x2 (Chrono Boost)  
  45  4:33  Pylon  
  45  4:39  Adept x2  
  45  4:41  Adept  
  49  4:53  Probe x2 (Chrono Boost)  
  49  4:55  Assimilator  
  49  4:57  Pylon  
  49  4:59  Assimilator  
  51  5:01  Stalker x2  
  51  5:02  Stalker  
  57  5:08  Pylon  
  57  5:10  Gateway  
  57  5:11  Gateway, Probe x2 (Chrono Boost)  
  59  5:18  Adept  
  61  5:22  Probe (Chrono Boost)  
  61  5:25  Adept x3  
  68  5:47  Adept x4  
  53  6:12  Adept x5  
  63  6:25  Pylon  
  61  6:27  Pylon  
Show
View Real Time Build Order
Export as new Build Order

Marcek Protoss 

Build Orders:  

Get SALT Encoding   

  12  0:00  SCV  
  13  0:13  SCV  
  14  0:17  Supply Depot  
  14  0:25  SCV  
  15  0:38  SCV  
  15  0:41  Barracks  
  16  0:45  Refinery  
  16  0:50  SCV  
  17  1:03  SCV  
  18  1:15  SCV  
  19  1:29  Reaper  
  19  1:31  Orbital Command  
  20  1:34  Barracks  
  19  1:47  Supply Depot  
  19  2:01  Marine  
  20  2:10  Factory  
  20  2:17  SCV  
  21  2:26  Marine  
  21  2:29  Barracks Tech Lab, SCV  
  23  2:40  Command Center  
  23  2:41  SCV  
  24  2:50  Barracks Reactor  
  24  2:52  Marauder  
  24  2:53  SCV  
  27  2:58  Refinery  
  27  3:04  Factory Tech Lab  
  27  3:05  SCV  
  28  3:14  Marauder  
  28  3:17  SCV  
  30  3:29  Supply Depot, SCV  
  31  3:43  Stimpack  
  31  3:51  Marauder, Marine x2, SCV  
  31  3:53  Supply Depot  
  36  4:03  SCV  
  36  4:08  Marine x2, Siege Tank  
  42  4:12  Marauder  
  39  4:26  SCV  
  40  4:35  Marine  
  40  4:36  Marine  
  40  4:37  Marauder  
  44  4:40  Orbital Command  
  44  4:46  SCV  
  45  4:53  Marine x2  
  45  4:54  Siege Tank  
  50  5:08  SCV x2  
  52  5:15  Marine  
  52  5:16  Marine  
  52  5:20  SCV  
Show
View Real Time Build Order
Export as new Build Order

fanzuu Terran 

Build Orders:  

Get SALT Encoding   

Show
View Real Time Build Order
Export as new Build Order

Pablo Terran 

Build Orders:  

Get SALT Encoding   

Tags
 
Add a new tag
Caveats
  • Supply blocks, unpowered buildings, or Contaminate may cause inaccurate times.
  • Supply counts are checked every 10 seconds.